Cogmind - Beta 11.2 @@@ ROGUE MODE // 2022.12.25 @ 01:13:18 // Winter2022/Polymind Player: Infomantis Result: Destroyed by Y-45 Defender with Heavy Assault Rifle Performance ------------- Evolutions (1) 500 Regions Visited (2) 400 Robots Destroyed (4) 20 Value Destroyed (107) 107 Prototype IDs (0) 0 Alien Tech Used (0) 0 Bonus (1035) 1035 TOTAL SCORE: 1952 Bonus ------- Polymind Skill 835 Pacifist 200 Cogmind --------- Core Integrity 0/400 Matter 0/0 Energy 25/25 System Corruption 1% Temperature Cool (0) Movement Core (200) Ox3 Location -9/Materials Parts ------- > --- POWER (1) -------- (None) > --- PROPULSION (2) --- (None) > --- UTILITY (3) ------ Medium Storage Unit Transport Network Coupler > --- WEAPON (0) ------- (None) > --- INVENTORY (6) ---- Shotgun Shotgun Shotgun Shotgun Peak State ------------ > --- POWER ------------ Improved Ion Engine > --- PROPULSION ------- Light Treads Light Treads > --- UTILITY ---------- Heat Sink Heat Sink Light Armor Plating > --- WEAPON ----------- Beam Rifle Heavy Assault Rifle > --- INVENTORY -------- (None) [Rating: 11] Favorites ----------- Power Improved Ion Engine Engine Improved Ion Engine Propulsion Light Treads Treads Light Treads Wheel Wheel Hover Unit Hover Unit Utility Heat Sink Device Heat Sink Storage Medium Storage Unit Processor Transport Network Coupler Hackware Hacking Suite Protection Light Armor Plating Weapon Beam Rifle Energy Gun Beam Rifle Ballistic Gun Heavy Assault Rifle Special Weapon Mining Laser Special Melee Weapon Datajack Build | -11 -10 -9 ------- Run | Scr Mat Mat Slots Evolved . | . . . Power . | . . . Propulsion . | . . . Utility . | . . . Weapon . | . . . Parts Attached . | . . . Power . | . . . Engine . | . . . Core . | . . . Reactor . | . . . Propulsion . | . . . Treads . | . . . Leg . | . . . Wheel . | . . . Hover . | . . . Flight . | . . . Utility . | . . . Device . | . . . Storage . | . . . Processor . | . . . Hackware . | . . . Protection . | . . . Artifact . | . . . Weapon . | . . . Energy Gun . | . . . Energy Cannon . | . . . Ballistic Gun . | . . . Ballistic Cannon . | . . . Launcher . | . . . Special Weapon . | . . . Impact Weapon . | . . . Slashing Weapon . | . . . Piercing Weapon . | . . . Special Melee Weapon . | . . . Unidentified Prototypes . | . . . Parts Lost 4 | . . 4 Power 1 | . . 1 Propulsion 2 | . . 2 Utility 1 | . . 1 Weapon . | . . . Highest Loss Streak 4 | . . 4 To Critical Strikes . | . . . Average Slot Usage (%) 94 | . 85 95 Engine 11 | . 15 11 Treads 22 | . . 24 Hover 1 | . 17 . Device 22 | . 14 23 Storage 1 | . . 1 Processor 1 | . . 1 Protection 9 | . . 10 Energy Gun 9 | . . 10 Ballistic Gun 9 | . . 10 Naked Turns 43 | . 11 32 Heaviest Build 18 | 6 6 18 Greatest Support 46 | 20 20 46 Greatest Overweight (x) 3 | . . 3 Average Overweight (x) . | . . . Largest Inventory Capacity 6 | . 1 6 Average Capacity 1 | . . 1 Most Carried 4 | . . 4 Average Carried . | . . . Final Capacity 6 | . . 6 Final Carried 4 | . . 4 Class Distribution -------------------- 82% | Sentry 7% | Hauler 4% | Cogmind Dominant Class ---------------- Operator | -10/Materials Sentry | -9/Materials Resources | -11 -10 -9 ----------- Run | Scr Mat Mat Matter Collected 10 | . . 10 Remotely . | . . . Salvage Created 39 | . . 39 Parts 5 | . . 5 Haulers Intercepted . | . . . Recyclers Shooed . | . . . Parts Field Recycled . | . . . Retrieved Matter . | . . . Parts Self-Destructed . | . . . Prevented . | . . . Kills | -11 -10 -9 ------- Run | Scr Mat Mat Combat Hostiles Destroyed 2 | . . 2 Guns 2 | . . 2 Classes Destroyed 3 | . . 3 Worker 1 | . . 1 Watcher 1 | . . 1 Sentry 2 | . . 2 Best Kill Streak 2 | . . 2 Combat Bots Only 1 | . . 1 Max Kills in Single Turn 1 | . . 1 Gunslinging . | . . . Exploded . | . . . Melee . | . . . Uniques/NPCs Destroyed . | . . . Combat | -11 -10 -9 -------- Run | Scr Mat Mat Damage Taken 972 | . . 972 Core 403 | . . 403 Absorbed by Shields . | . . . Core Remaining (%) 100 | 100 100 . Volleys Fired 15 | . . 15 Largest 2 | . . 2 Hottest 79 | . . 79 Shots Fired 30 | . . 30 Gun 30 | . . 30 Cannon . | . . . Launcher . | . . . Special . | . . . Kinetic 15 | . . 15 Thermal 15 | . . 15 Explosive . | . . . Electromagnetic . | . . . Robot Hit Streak 7 | . . 7 Robot Miss Streak 2 | . . 2 Penetration Max . | . . . Secondary Targets . | . . . Shots Hit Robots 21 | . . 21 Core Hits 9 | . . 9 Critical Kills . | . . . Critical Parts Destroyed . | . . . Critical Strikes . | . . . Melee Attacks 2 | . 2 . Impact . | . . . Slashing . | . . . Piercing . | . . . Sneak Attacks . | . . . Combat Hostiles . | . . . Follow-up Attacks . | . . . Damage Inflicted 379 | . . 379 Guns 336 | . . 336 Cannons . | . . . Explosions . | . . . Melee . | . . . Ramming 43 | . . 43 Kinetic 184 | . . 184 Thermal 152 | . . 152 Explosive . | . . . Electromagnetic . | . . . Impact . | . . . Slashing . | . . . Piercing . | . . . Highest Corruption 1 | . . 1 Average Corruption 1 | . . 1 Corruption Purged . | . . . Corruption Blocked . | . . . Effects 2 | . . 2 Heat Flow Errors 1 | . . 1 Data Loss (minor) 1 | . . 1 Overload Shots . | . . . Overflow Damage . | . . . Projectiles . | . . . Explosions . | . . . Melee . | . . . Knockbacks . | . . . Impact . | . . . Kinetic . | . . . Secondary . | . . . Self-Inflicted Damage 1 | . . 1 Shots . | . . . Rammed 36 | . . 36 Targets Rammed 36 | . . 36 Kicked . | . . . Crushed . | . . . Highest Temperature 134 | . . 134 Average Temperature 45 | . . 45 Received Heat Transfer 345 | . . 345 Siege Activations . | . . . Robots Corrupted . | . . . Combat Hostiles . | . . . Parts Fried . | . . . Impact Corruptions . | . . . Robots Melted . | . . . Combat Hostiles . | . . . Parts Melted 2 | . . 2 Heat Transferred 370 | . . 370 Parts Sabotaged . | . . . Parts Stolen . | . . . Parts Stripped . | . . . Power Chain Reactions . | . . . Missiles Intercepted . | . . . Alert | -11 -10 -9 ------- Run | Scr Mat Mat Peak Influence 134 | . 19 134 Initial 7 | . . 7 Average 41 | . 4 44 Maximum Alert Level . | . . . Low Security (%) 100 | 100 100 100 Level 1 . | . . . Level 2 . | . . . Level 3 . | . . . Level 4 . | . . . Level 5 . | . . . High Security . | . . . Max Security . | . . . Squads Dispatched 1 | . . 1 Investigation 1 | . . 1 Extermination . | . . . Reinforcement . | . . . Assault . | . . . Garrison . | . . . Intercept . | . . . Searches Triggered . | . . . Construction Impeded . | . . . Haulers Reinforced . | . . . Active Scanning Responses . | . . . Cargo Convoy Interrupts . | . . . Stealth | -11 -10 -9 --------- Run | Scr Mat Mat Distress Signals 1 | . . 1 Communications Jammed . | . . . Distress Signals . | . . . Times Spotted 11 | . 1 10 Peak Tracking Total 5 | . . 5 Tactical Retreats . | . . . Traps | -11 -10 -9 ------- Run | Scr Mat Mat Traps Triggered . | . . . Indirectly . | . . . Trap Hack Attempts . | . . . Triggered . | . . . Disarmed . | . . . Reprogrammed . | . . . Reused . | . . . Traps Extracted . | . . . Installed . | . . . Triggered . | . . . Machines | -11 -10 -9 ---------- Run | Scr Mat Mat Machines Disabled . | . . . Max in Single Turn . | . . . Machines Sabotaged . | . . . Garrisons Compromised . | . . . Overloaded Fab Kills . | . . . Hacking | -11 -10 -9 --------- Run | Scr Mat Mat Machines Accessed 4 | . 3 1 Terminals 3 | . 2 1 Fabricators . | . . . Repair Stations . | . . . Recycling Units 1 | . 1 . Scanalyzers . | . . . Garrison Access . | . . . Total Hacks 10 | . 8 2 Successful 3 | . 3 . Failed 7 | . 5 2 Catastrophic 3 | . 1 2 Database Lockouts . | . . . Manual 1 | . 1 . Terminals 9 | . 7 2 Fabricators . | . . . Repair Stations . | . . . Recycling Units 1 | . 1 . Scanalyzers . | . . . Garrison Access . | . . . Terminal Hacks 2 | . 2 . Transport Status 1 | . 1 . Zone Layout 1 | . 1 . Fabricator Hacks . | . . . Repair Station Hacks . | . . . Recycling Unit Hacks 1 | . 1 . Report Inventory 1 | . 1 . Scanalyzer . | . . . Garrison Access Hacks . | . . . Unauthorized Hacks . | . . . Terminals . | . . . Fabricators . | . . . Repair Stations . | . . . Recycling Units . | . . . Scanalyzers . | . . . Garrison Access . | . . . Data Cores Recovered . | . . . Used . | . . . Hacking Detections 3 | . 2 1 Full Trace Events 1 | . . 1 Feedback Events 1 | . . 1 Corruption 1 | . . 1 Feedback Blocked . | . . . Robot Schematics Acquired . | . . . Robots Built . | . . . Authchips . | . . . Time . | . . . Total Robot Build Rating . | . . . Part Schematics Acquired . | . . . Parts Built . | . . . Authchips . | . . . Time . | . . . Total Part Build Rating . | . . . Parts Repaired . | . . . Time . | . . . Parts Recycled . | . . . Recycled Matter . | . . . Retrieved Matter . | . . . Retrieved Components . | . . . Parts Scanalyzed . | . . . Part Schematics Acquired . | . . . Parts Damaged . | . . . Bothacking | -11 -10 -9 ------------ Run | Scr Mat Mat Used RIF Installer . | . . . Robots Hacked 3 | . 1 2 Non-combat 2 | . 1 1 Combat 1 | . . 1 Robot Hacks Applied 3 | . 1 2 locate_stockpiles 1 | . . 1 find_terminals 1 | . 1 . find_shortcuts 1 | . . 1 Relay Couplers Released . | . . . Fabnet Peak Effective % . | . . . Robots Rewired . | . . . Allies Hacked . | . . . Hacks Repelled . | . . . Allies | -11 -10 -9 -------- Run | Scr Mat Mat Total Allies . | . . . Largest Group . | . . . Highest-Rated Group . | . . . Highest-Rated Ally . | . . . Total Orders . | . . . Ally Attacks . | . . . Total Damage . | . . . Kills . | . . . Allies Corrupted . | . . . Allies Melted . | . . . Intel | -11 -10 -9 ------- Run | Scr Mat Mat Robot Analysis Total 4 | 1 1 2 Derelict Logs Recovered . | . . . Drone Launches . | . . . Drone Recoveries . | . . . Exploration | -11 -10 -9 ------------- Run | Scr Mat Mat Turns Passed 1071 | 24 68 979 Spaces Moved 246 | 35 103 108 Core 67 | 23 23 21 Treads 87 | . . 87 Legs . | . . . Wheels 44 | 12 32 . Hover 48 | . 48 . Flight . | . . . Fastest Speed 50 | 50 50 50 Average Speed 98 | 60 62 146 Slowest Speed 200 | 80 80 200 Overloaded Moves . | . . . Propulsion Burnouts . | . . . Robots Hopped . | . . . Cave-ins Triggered . | . . . Exploration Rate (%) 12 | 3 22 11 Regions Visited 2 Branch Regions . Pre-discovered Areas . | . . . Known Exits Taken . | . . . Unknown Exits Taken 2 | 1 1 . Scrap Searched . | . . . Spaces Dug . | . . . Terrain Destroyed . | . . . Melee . | . . . Projectile . | . . . AOE . | . . . Terrain Rammed . | . . . Walls Destroyed . | . . . Machines Disabled . | . . . Actions | -11 -10 -9 --------- Run | Scr Mat Mat Total 1018 | 37 105 876 Wait 718 | . 1 717 Move 244 | 34 102 108 Hop . | . . . Pick Up . | . . . Fast Attach . | . . . Attach . | . . . Detach . | . . . Swap . | . . . Drop . | . . . Fire 15 | . . 15 Melee 2 | . 2 . Ram 2 | . . 2 Kick . | . . . Crush 34 | . . 34 Escape Stasis . | . . . Rewire . | . . . Trap . | . . . Miscellaneous 3 | 3 . . Route ------- -11/Scrapyard -10/Materials -9/Materials History --------- Turn | Location | Event 5 | -11/Scrapyard | Discovered new exit (range 15) 25 | -11/Scrapyard | Entered Materials 73 | -10/Materials | Discovered new exit (range 5) 93 | -10/Materials | Entered another Materials area 1035 | -9/Materials | Core integrity fell below 50% 1068 | -9/Materials | Core integrity fell below 20% 1072 | -9/Materials | Destroyed by Y-45 Defender with Heavy Assault Rifle Last Messages --------------- 00919_ K-01 Serf destroyed. 00922_ Acquired 10 matter. 00933_ K-01 Serf collects debris. 00989_ Released control of Y-45 Defender. 00989_ Took control of A-02 Transporter. 00989_ Extracted analysis data for A-02 Transporter. 00989_ Matter Filter disabled. 00990_ Slammed into Y-45 Defender. 00995_ Critical hit (Burn: +37). 00995_ Slammed into Y-45 Defender. 01014_ System corrupted: Heat flow error (+135). 01014_ Slammed into Y-45 Defender. 01049_ Lgt. Treads destroyed. 01050_ Slammed into Y-45 Defender. 01052_ Critical hit (Burn: +37). 01053_ Slammed into Y-45 Defender. 01055_ Ion Engine destroyed. 01056_ Lgt. Treads destroyed. 01058_ Weight Redist. System destroyed. 01058_ Slammed into Y-45 Defender. Map ----- +----------------------------------------------------+ | ??????????????????????????# #????????? | | ?######???????????????????## """"" #????????? | | ##!!!!##???????????????????# ""T"" ] #????????? | | #! !#???????????????????# #????????? | | #! !#?????????????####### = #????????? | | # ###########+### #####/##########??????? | | # +?????? | | # #######????????? | | # #??????????????? | | ##################+### % ##### ##??????????????? | | ??????????????????? ## ######+##??????????????? | | ??????????????????"" ## # #??????????????? | | ?????????????????""" ## # #??????????????? | | ???????????????""""" ## / #??????????????? | | ?????????????? """"" ##ggg# #??????????????? | | ????????????# """"" ## # #??????????????? | | ????????????# """"" ## #########??????????????? | | ????????????# """"% ## #??????????????????????? | | ????????????# ## #??????????????????????? | | ????????????######## ## #??????????????????????? | | ?????????????# %+%Y #??????????????????????? | | ?????????????# % #Y #??????????????????????? | | ?????????????# % % # #??????????????????????? | | ?????????????# %%%% # #??????????????????????? | | ?????????????# % %%%%# #??????????????????????? | | ?????????????# %%%# a#??????????????????????? | | ?????????????# # #??????????????????????? | | ?????????????# % # +??????????????????????? | | ?????????????##### %# #??????????????????????? | | ?????????????????###### #??????????????????????? | | ??????????????????????# #??????????????????????? | | ??????????????????????# ###??????????????????????? | | ??????????????????????# ?????????????????????????? | | ??????????????????????# ?????????????????????????? | | ??????????????????????# ?????????????????????????? | | ??????????????????????# ?????????????????????????? | | ??????????????????????#??????????????????????????? | | ?????????????????????????????????????????????????? | | ?????????????????????????????????????????????????? | | ?????????????????????????????????????????????????? | | ?????????????????????????????????????????????????? | | ?????????????????????????????????????????????????? | | ?????????????????????????????????????????????????? | | ?????????????????????????????????????????????????? | | ?????????????????????????????????????????????????? | | ?????????????????????????????????????????????????? | | ?????????????????????????????????????????????????? | | ?????????????????????????????????????????????????? | | ?????????[???????????????????????????????????????? | | ?????????????????????????????????????????????????? | +----------------------------------------------------+ Best States ------------- Heat Dissipation 36 Energy Generation 17 Energy Capacity 215 Matter Stores 88 Matter Capacity 100 Sight Range 16 Terrain Scan Range 16 Terrain Scan Density 10 Additional Mass Support 6 Armor Coverage 150 Resistance: EX 50 Resistance: I 25 Evasion (%) 53 Recoil Reduction 2 Offensive Hacking 10 Item Schematics ----------------- None Robot Schematics ------------------ None Fabricated ------------ Nothing Alien Tech Used ----------------- None Achievements -------------- None Challenges ------------ None Polymind | -11 -10 -9 ---------- Run | Scr Mat Mat Robots Controlled 4 | 1 1 2 Combat Hostiles 1 | . . 1 Allies . | . . . Classes Controlled 4 | 1 1 2 Average Host Suspicion 54 | . 30 56 Unsuspicious Activity 711 | 17 12 682 Returns to Shadow 1 | . . 1 Fuzzy Dispatches . | . . . Protomatter Created 35 | . . 35 Used 38 | 5 5 28 Decayed . | . . . Highest Spend 23 | 5 5 23 Top 5 Hosts by Kills: Y-45 Defender (-9/Materials: 2) Game ------ Seed VortexFluxWell Manual? 0 Play Time 00:12:15 Cumulative 291.7 hours Start 2022.12.25 @ 01:03:34 End 2022.12.25 @ 01:13:18 Sessions 1 Manual Loads 0 Difficulty Rogue Special Mode Winter2022/Polymind Game No. 195 Rogue 172 Adventurer 6 Explorer 17 Win Type - Total 22 Types 14/0/4/1/0/1/1/1/0 Lore% 95 Gallery% 94 Achievement% 75 Wizard Run 0 Options --------- ASCII 0 Keyboard 0 Movement Numpad Keybinds 0 Fullscreen 1 Font 12/Fuzzy Map View 83x54 Tactical HUD 1 Map Filters NONE Filters NONE Steam 1 RUN: 7fe72fd6-9ef4-4485-8373-c38cd3457f57